3R
CANONNIERS DE QUEBEC @ AMARILLO SUBMARINOS
08/09/2038
 
TOP OF THE 1ST
Canonniers de Quebec batting - Pitching for Amarillo Submarinos : RHP Marty Brooks
Pitching: RHP Marty Brooks
Batting: LHB Ewold de Regt 0-0: Ball
1-0: Ball
2-0: Ball
3-0: Base on Balls
Batting: RHB Dicky Veuger 0-0: Ball
1-0: Called Strike
1-1: Swinging Strike
1-2: Strikes out swinging
Batting: LHB Tony McMillan 0-0: Ball
1-0: Ball
2-0: Swinging Strike
2-1: Ball
3-1: Called Strike
3-2: Foul Ball, location: 2F
3-2: Reached on error, E6 (Groundball, 6, EV 83.8 MPH)
Ewold de Regt to second
Batting: RHB Hulama Yani 0-0: Called Strike
0-1: Fielders Choice at 2nd, 6-4 (Groundball, 56, EV 91.9 MPH)
Ewold de Regt to third
Batting: LHB Knox Loposer 0-0: Ball
1-0: Ball
2-0: Ball
Hulama Yani steals 2nd base
3-0: Called Strike
3-1: Foul Ball, location: 2F
3-2: Fly out, F8 (Flyball, 89M, EV 83.8 MPH)
Top of the 1st over - 0 runs, 0 hits, 1 error, 2 left on base; Canonniers de Quebec 0 - Amarillo 0
BOTTOM OF THE 1ST
Amarillo Submarinos batting - Pitching for Canonniers de Quebec : RHP Jack Farrell
Pitching: RHP Jack Farrell
Batting: SHB Aubrey Magee 0-0: Ball
1-0: Swinging Strike
1-1: Called Strike
1-2: Fly out, F5 (Line Drive, 5, EV 66.9 MPH)
Batting: RHB Franck Morel 0-0: Ball
1-0: Called Strike
1-1: SINGLE (Groundball, 6MD, EV 98.8 MPH)
Batting: RHB Li-ren Ku 0-0: Called Strike
0-1: Fielders Choice at 2nd, 4-6 (Groundball, 4, EV 86.9 MPH)
Batting: LHB Rafael Abasto 0-0: Ball
1-0: Swinging Strike
1-1: Ball
2-1: Foul Ball, location: 2F
2-2: Strikes out looking
Bottom of the 1st over - 0 runs, 1 hit, 0 errors, 1 left on base; Canonniers de Quebec 0 - Amarillo 0
TOP OF THE 2ND
Canonniers de Quebec batting - Pitching for Amarillo Submarinos : RHP Marty Brooks
Batting: RHB Joe Padilla 0-0: Ball
1-0: Ball
2-0: Ball
3-0: Called Strike
3-1: Base on Balls
Batting: LHB Steve Burnett 0-0: Ball
1-0: DOUBLE (Flyball, 8LXD, EV 98.8 MPH)
Joe Padilla to third
Batting: RHB Boyd Tholen 0-0: SINGLE (Line Drive, 4M, EV 103.1 MPH)
Joe Padilla scores
Steve Burnett to third
Batting: SHB Geoffrey Richardson 0-0: Ball
1-0: Called Strike
1-1: Fly out, F4 (Line Drive, 4, EV 71.9 MPH)
Batting: LHB Ewold de Regt 0-0: Fielders Choice at 2nd, 4-6 (Groundball, 4, EV 81.2 MPH)
Steve Burnett scores
Batting: RHB Dicky Veuger 0-0: Called Strike
0-1: Called Strike
0-2: Ball
Ewold de Regt is caught stealing 2nd base 2-4
Top of the 2nd over - 2 runs, 2 hits, 0 errors, 0 left on base; Canonniers de Quebec 2 - Amarillo 0
BOTTOM OF THE 2ND
Amarillo Submarinos batting - Pitching for Canonniers de Quebec : RHP Jack Farrell
Batting: RHB Ryan Blonke 0-0: SINGLE (Line Drive, 34D, EV 99.4 MPH)
Batting: RHB Ed Tinker 0-0: Ball
1-0: Ball
2-0: Called Strike
2-1: Ball
3-1: Called Strike
3-2: Base on Balls
Ryan Blonke to second
Batting: RHB Roberto Guerrero 0-0: Ball
1-0: Fly out, F8 (Flyball, 78M, EV 88.1 MPH)
Batting: RHB Royce Coffman 0-0: Called Strike
0-1: SINGLE (Groundball, 4MD, EV 108.1 MPH)
Ryan Blonke to third
Ed Tinker to second
Runner from 3rd tries for Home, SAFE, throw by CF to home
Batting: RHB Bud Mullins 0-0: Foul Ball, location: 2F
0-1: Foul Ball, location: 2F
0-2: SINGLE (Groundball, 56D, EV 106.2 MPH)
Ed Tinker to third
Royce Coffman to second
Runner from 3rd tries for Home, SAFE, no throw by LF
Batting: SHB Aubrey Magee 0-0: Called Strike
0-1: Swinging Strike
0-2: Foul Ball, location: 2F
0-2: Foul Ball, location: 2F
0-2: Strikes out looking
Batting: RHB Franck Morel 0-0: Called Strike
0-1: Ball
1-1: Foul Ball, location: 2F
1-2: Ball
2-2: SINGLE (Line Drive, 8LS, EV 102.5 MPH)
Royce Coffman to third
Bud Mullins to second
Runner from 3rd tries for Home, SAFE, throw by LF to home
Batting: RHB Li-ren Ku 0-0: Ball
1-0: Foul Ball, location: 2F
1-1: Foul Ball, location: 2F
1-2: Ball
2-2: Ball
3-2: Fly out, F5 (Flyball, 5D, EV 83.1 MPH)
Bottom of the 2nd over - 3 runs, 4 hits, 0 errors, 2 left on base; Canonniers de Quebec 2 - Amarillo 3
TOP OF THE 3RD
Canonniers de Quebec batting - Pitching for Amarillo Submarinos : RHP Marty Brooks
Batting: RHB Dicky Veuger 0-0: Reached on error, E5 (Line Drive, 5, EV 67.5 MPH)
Batting: LHB Tony McMillan 0-0: Ball
1-0: Ball
2-0: Foul Ball, location: 2F
2-1: Ball
3-1: Foul Ball, location: 2F
3-2: Strikes out swinging
Batting: RHB Hulama Yani 0-0: Ball
1-0: Called Strike
Dicky Veuger steals 2nd base
1-1: Ball
2-1: Called Strike
2-2: Fly out, F3 (Popup, 3F, EV 82.5 MPH)
Batting: LHB Knox Loposer 0-0: Foul Ball, location: 2F
0-1: Foul Ball, location: 2F
0-2: Ball
1-2: Strikes out swinging
Top of the 3rd over - 0 runs, 0 hits, 1 error, 1 left on base; Canonniers de Quebec 2 - Amarillo 3
BOTTOM OF THE 3RD
Amarillo Submarinos batting - Pitching for Canonniers de Quebec : RHP Jack Farrell
Batting: LHB Rafael Abasto 0-0: Swinging Strike
0-1: Called Strike
0-2: Foul Ball, location: 2F
0-2: Ball
1-2: Ball
2-2: Ball
3-2: Strikes out looking
Batting: RHB Ryan Blonke 0-0: Called Strike
0-1: Foul Ball, location: 2F
0-2: Fly out, F8 (Flyball, 8LM, EV 91.2 MPH)
Batting: RHB Ed Tinker 0-0: Ball
1-0: SINGLE (Groundball, 56D, EV 95.0 MPH)
Batting: RHB Roberto Guerrero 0-0: Ball
1-0: Ball
2-0: Ball
3-0: Called Strike
3-1: Base on Balls
Ed Tinker to second
Batting: RHB Royce Coffman 0-0: Ground out 1-3 (Groundball, 13S, EV 73.1 MPH)
Bottom of the 3rd over - 0 runs, 1 hit, 0 errors, 2 left on base; Canonniers de Quebec 2 - Amarillo 3
TOP OF THE 4TH
Canonniers de Quebec batting - Pitching for Amarillo Submarinos : RHP Marty Brooks
Batting: RHB Joe Padilla 0-0: Swinging Strike
0-1: Ball
1-1: Ball
2-1: Ball
3-1: Base on Balls
Batting: LHB Steve Burnett 0-0: Ball
1-0: Called Strike
1-1: Foul Ball, location: 2F
1-2: Strikes out swinging
Batting: RHB Boyd Tholen 0-0: Swinging Strike
0-1: Ball
1-1: DOUBLE (Line Drive, 7LM, EV 110.6 MPH)
Joe Padilla to third
Batting: SHB Geoffrey Richardson 0-0: Called Strike
0-1: Swinging Strike
0-2: Ball
1-2: Ball
2-2: Foul Ball, location: 2F
2-2: Foul Ball, location: 2F
2-2: Foul Ball, location: 2F
2-2: Fly out, F8 (Flyball, 8RM, EV 76.9 MPH)
Batting: LHB Ewold de Regt 0-0: Ball
1-0: Ground out 5-3 (Groundball, 56S, EV 90.0 MPH)
Top of the 4th over - 0 runs, 1 hit, 0 errors, 2 left on base; Canonniers de Quebec 2 - Amarillo 3
BOTTOM OF THE 4TH
Amarillo Submarinos batting - Pitching for Canonniers de Quebec : RHP Jack Farrell
Batting: RHB Bud Mullins 0-0: Foul Ball, location: 2F
0-1: Ball
1-1: Swinging Strike
1-2: Strikes out swinging
Batting: SHB Aubrey Magee 0-0: Called Strike
0-1: Foul Ball, location: 2F
0-2: Strikes out swinging
Batting: RHB Franck Morel 0-0: Called Strike
0-1: Ball
1-1: DOUBLE (Line Drive, 89D, EV 103.8 MPH)
Batting: RHB Li-ren Ku 0-0: DOUBLE (Line Drive, 78M, EV 108.8 MPH)
Franck Morel scores
Batting: LHB Rafael Abasto 0-0: Called Strike
0-1: Ball
1-1: Ground out 4-3 (Groundball, 4, EV 79.4 MPH)
Bottom of the 4th over - 1 run, 2 hits, 0 errors, 1 left on base; Canonniers de Quebec 2 - Amarillo 4
TOP OF THE 5TH
Canonniers de Quebec batting - Pitching for Amarillo Submarinos : RHP Marty Brooks
Batting: RHB Dicky Veuger 0-0: Called Strike
0-1: SINGLE (Groundball, 34D, EV 96.9 MPH)
Batting: LHB Tony McMillan 0-0: Foul Ball, location: 2F
0-1: Foul Ball, location: 2F
0-2: Ball
1-2: Ball
2-2: Ball
3-2: Fly out, F9 (Line Drive, 9, EV 86.9 MPH)
Pitching: RHP António Raccuia
Batting: RHB Hulama Yani 0-0: Swinging Strike
0-1: Ball
1-1: SINGLE (Flyball, 7LM, EV 94.4 MPH)
Dicky Veuger to second
Batting: LHB Knox Loposer 0-0: Ball
Dicky Veuger steals 3rd base
1-0: Swinging Strike
1-1: Called Strike
1-2: Foul Ball, location: 2F
1-2: Strikes out looking
Batting: RHB Joe Padilla 0-0: Foul Ball, location: 2F
0-1: Called Strike
0-2: Ball
1-2: Ball
2-2: Strikes out looking
Top of the 5th over - 0 runs, 2 hits, 0 errors, 2 left on base; Canonniers de Quebec 2 - Amarillo 4
BOTTOM OF THE 5TH
Amarillo Submarinos batting - Pitching for Canonniers de Quebec : RHP Jack Farrell
Batting: RHB Ryan Blonke 0-0: Called Strike
0-1: SINGLE (Line Drive, 78S, EV 101.9 MPH)
Batting: RHB Ed Tinker 0-0: Ball
1-0: Ball
2-0: Ball
3-0: Called Strike
3-1: SINGLE (Flyball, 78M, EV 82.5 MPH)
Ryan Blonke to second
Batting: RHB Roberto Guerrero 0-0: Foul Ball, location: 2F
0-1: Grounds into double play, 4-6-3 (Groundball, 34, EV 104.4 MPH)
Ryan Blonke to third
Batting: RHB Royce Coffman 0-0: Called Strike
0-1: Fly out, F9 (Flyball, 9D, EV 86.9 MPH)
Bottom of the 5th over - 0 runs, 2 hits, 0 errors, 1 left on base; Canonniers de Quebec 2 - Amarillo 4
TOP OF THE 6TH
Canonniers de Quebec batting - Pitching for Amarillo Submarinos : RHP António Raccuia
Batting: LHB Steve Burnett 0-0: Ball
1-0: Fly out, F7 (Flyball, 7S, EV 86.9 MPH)
Batting: RHB Boyd Tholen 0-0: Foul Ball, location: 2F
0-1: Ball
1-1: Foul Ball, location: 2F
1-2: Fly out, F4 (Popup, 3S, EV 66.9 MPH)
Batting: SHB Geoffrey Richardson 0-0: Fly out, F3 (Line Drive, 3, EV 71.9 MPH)
Top of the 6th over - 0 runs, 0 hits, 0 errors, 0 left on base; Canonniers de Quebec 2 - Amarillo 4
BOTTOM OF THE 6TH
Amarillo Submarinos batting - Pitching for Canonniers de Quebec : RHP Jack Farrell
Batting: RHB Bud Mullins 0-0: Ball
1-0: Called Strike
1-1: Foul Ball, location: 2F
1-2: Ball
2-2: Fly out, F3 (Popup, 34, EV 63.8 MPH)
Batting: SHB Aubrey Magee 0-0: Fly out, F9 (Line Drive, 9, EV 92.5 MPH)
Batting: RHB Franck Morel 0-0: Foul Ball, location: 2F
0-1: Foul Ball, location: 2F
0-2: Fly out, F8 (Flyball, 89XD, EV 84.4 MPH)
Bottom of the 6th over - 0 runs, 0 hits, 0 errors, 0 left on base; Canonniers de Quebec 2 - Amarillo 4
TOP OF THE 7TH
Canonniers de Quebec batting - Pitching for Amarillo Submarinos : RHP António Raccuia
Batting: LHB Ewold de Regt 0-0: Ball
1-0: Called Strike
1-1: Foul Ball, location: 2F
1-2: Ground out 4-3 (Groundball, 4, EV 81.9 MPH)
Batting: RHB Dicky Veuger 0-0: Ground out 6-3 (Groundball, 56, EV 104.4 MPH)
Batting: LHB Tony McMillan 0-0: Ball
1-0: Ball
2-0: Called Strike
2-1: Swinging Strike
2-2: Ground out 5-3 (Groundball, 56, EV 88.1 MPH)
Top of the 7th over - 0 runs, 0 hits, 0 errors, 0 left on base; Canonniers de Quebec 2 - Amarillo 4
BOTTOM OF THE 7TH
Amarillo Submarinos batting - Pitching for Canonniers de Quebec : RHP Jack Farrell
Batting: RHB Li-ren Ku 0-0: Swinging Strike
0-1: Fly out, F9 (Flyball, 89M, EV 85.6 MPH)
Batting: LHB Rafael Abasto 0-0: Ground out 4-3 (Groundball, 4, EV 85.0 MPH)
Batting: RHB Ryan Blonke 0-0: Ball
1-0: SINGLE (Groundball, 56S, EV 65.6 MPH) (infield hit)
Batting: RHB Ed Tinker 0-0: Ball
1-0: Ball
2-0: Ball
3-0: Base on Balls
Ryan Blonke to second
Batting: RHB Roberto Guerrero 0-0: Ball
1-0: Called Strike
1-1: Foul Ball, location: 2F
1-2: Strikes out swinging
Bottom of the 7th over - 0 runs, 1 hit, 0 errors, 2 left on base; Canonniers de Quebec 2 - Amarillo 4
TOP OF THE 8TH
Canonniers de Quebec batting - Pitching for Amarillo Submarinos : RHP António Raccuia
Batting: RHB Hulama Yani 0-0: Ball
1-0: Foul Ball, location: 2F
1-1: SINGLE (Groundball, 6, EV 98.8 MPH) (infield hit)
Batting: LHB Knox Loposer 0-0: Called Strike
0-1: Ball
1-1: Ball
2-1: Foul Ball, location: 2F
2-2: Fielders Choice at 2nd, 5-4 (Groundball, 56, EV 87.5 MPH)
Batting: RHB Joe Padilla 0-0: Ball
1-0: Called Strike
1-1: Ball
2-1: Fielders Choice at 2nd, 4-6 (Groundball, 34, EV 97.5 MPH)
Batting: LHB Steve Burnett 0-0: Foul Ball, location: 2F
0-1: Ball
1-1: Fly out, F8 (Flyball, 8LS, EV 82.5 MPH)
Top of the 8th over - 0 runs, 1 hit, 0 errors, 1 left on base; Canonniers de Quebec 2 - Amarillo 4
BOTTOM OF THE 8TH
Amarillo Submarinos batting - Pitching for Canonniers de Quebec : RHP Jack Farrell
Batting: RHB Royce Coffman 0-0: Ball
1-0: Ball
2-0: Ball
3-0: Called Strike
3-1: Called Strike
3-2: Foul Ball, location: 2F
3-2: Foul Ball, location: 2F
3-2: SINGLE (Groundball, 34D, EV 96.9 MPH)
Pitching: RHP Cor van der Vloet
Batting: RHB Bud Mullins 0-0: Called Strike
0-1: Foul Ball, location: 2F
0-2: Ball
1-2: Strikes out looking
Batting: SHB Aubrey Magee 0-0: Foul Ball, location: 2F
0-1: Foul Ball, location: 2F
0-2: Hit by Pitch
Royce Coffman to second
Batting: RHB Franck Morel 0-0: Ball
1-0: Foul Ball, location: 2F
1-1: Ball
2-1: Ground out 4-3 (Groundball, 4S, EV 89.4 MPH)
Royce Coffman to third
Aubrey Magee to second
Batting: RHB Li-ren Ku 0-0: Ground out U3 (Groundball, 3, EV 91.9 MPH)
Bottom of the 8th over - 0 runs, 1 hit, 0 errors, 2 left on base; Canonniers de Quebec 2 - Amarillo 4
TOP OF THE 9TH
Canonniers de Quebec batting - Pitching for Amarillo Submarinos : RHP António Raccuia
Pitching: RHP Kelvin Bowen
Batting: RHB Boyd Tholen 0-0: Foul Ball, location: 2F
0-1: Ball
1-1: Swinging Strike
1-2: Ball
2-2: Strikes out swinging
Batting: SHB Geoffrey Richardson 0-0: SINGLE (Line Drive, 8RS, EV 94.4 MPH)
Batting: LHB Ewold de Regt 0-0: Ball
1-0: Fielders Choice at 2nd, 4-6 (Groundball, 4, EV 89.4 MPH)
Pinch Hitting: SHB Alex Warner 0-0: Ball
1-0: Ball
2-0: Called Strike
2-1: Ball
3-1: Base on Balls
Ewold de Regt to second
Batting: LHB Tony McMillan 0-0: Called Strike
0-1: Ball
1-1: Ball
2-1: Ball
3-1: Called Strike
3-2: Strikes out swinging
Top of the 9th over - 0 runs, 1 hit, 0 errors, 2 left on base; Canonniers de Quebec 2 - Amarillo 4
Friday, April 17th, 2020 - OOTP Baseball 20.8 Build 74